 Dungeon Crawl Stone Soup version 0.29-a0-234-g0dae59b3db (webtiles) character file.

Game seed: 575123154157188026

19 n8rtot the Caller (level 2, 0/19 HPs)
             Began as a Mummy Summoner on Mar 2, 2022.
             Slain by an adder (4 damage)
             ... on level 2 of the Dungeon.
             The game lasted 00:05:11 (1035 turns).

n8rtot the Caller (Mummy Summoner)                  Turns: 1035, Time: 00:05:11

Health: 0/19       AC:  2    Str: 11    XL:     2   Next: 55%
Magic:  3/5        EV: 12    Int: 14    God:
Gold:   86         SH:  0    Dex: 12    Spells: 5/6 levels left

rFire   x . .      SeeInvis .   c - +2 dagger (venom)
rCold   + . .      Faith    .   (no shield)
rNeg    + + +      Spirit   .   a - +0 robe
rPois   ∞          Reflect  .   (no helmet)
rElec   .          Harm     .   (no cloak)
rCorr   .          Rampage  .   (no gloves)
Will    .....                   (no boots)
Stlth   ++........              (no amulet)
HPRegen 0.06/turn               (no ring)
MPRegen 0.09/turn               (no ring)

@: no status effects
A: cold resistance 1, negative energy resistance 3, torment resistance 2, heat
vulnerability 1, no potions
a: no special abilities


You were on level 2 of the Dungeon.
You visited 1 branch of the dungeon, and saw 2 of its levels.

You collected 86 gold pieces.

Inventory:

Hand Weapons
 c - a +2 dagger of venom (weapon)
Armour
 a - a +0 robe (worn)
Scrolls
 b - a scroll of vulnerability {unknown}
 d - a scroll of magic mapping {unknown}


   Skills:
 + Level 1.7 Dodging
 + Level 1.6 Stealth
 + Level 2.8 Spellcasting
 + Level 3.8 Summonings


You had 5 spell levels left.
You knew the following spells:

 Your Spells              Type           Power      Damage    Failure   Level
a - Summon Small Mammal   Summ           48%        N/A       4%          1

Your spell library contained the following spells:

 Spells                   Type           Power      Damage    Failure   Level
 Call Imp                 Summ           12%        N/A       7%          2
 Call Canine Familiar     Summ           12%        N/A       14%         3
 Summon Guardian Golem    Hex/Summ       7%         N/A       30%         3
 Summon Lightning Spire   Summ/Air       7%         N/A       69%         4


Dungeon Overview and Level Annotations

Branches:
Dungeon (2/15)

Altars:


Innate Abilities, Weirdness & Mutations

You are immune to poison.
Your flesh is cold resistant. (rC+)
You are immune to negative energy. (rN+++)
You are immune to unholy pain and torment.
You are vulnerable to heat. (rF-)
You do not drink.


Message History

The adder bites your quokka but does no damage.
Your bat barely misses the adder.
Your quokka closely misses the adder.
The adder bites your quokka.
Your quokka dies!
Your quokka's corpse disappears in a puff of smoke!
Your bat closely misses the adder.
The adder bites your bat.
Your bat dies!
Your bat's corpse disappears in a puff of smoke!
The adder bites you.
You swap places.
The adder barely misses your rat.
Your rat completely misses the adder.
The adder bites your rat.
Your rat dies!
Your rat's corpse disappears in a puff of smoke!
There is a stone staircase leading up here.
The adder barely misses you. The adder bites you.
There is a stone staircase leading up here.
The adder bites you. The adder barely misses you.
You swap places.
The adder bites you.
Your rat closely misses the adder.
Your rat closely misses the adder.
A kobold and a hobgoblin come into view.
Found a scroll labelled PAPRATS ECOWEOMOERPH.
The kobold shouts!
The hobgoblin shouts!
You hear an angry hiss.
A ball python comes into view.
The adder barely misses you.
The kobold throws a stone.
The stone completely misses you.
You hear an angry hiss.
An adder comes into view.
Found 10 gold pieces.
The adder hisses angrily.
The adder misses you.
Your rat bites the adder.
Found a yellow potion.
A rat comes into view.
The ball python bites you but does no damage.
The ball python grabs you. The ball python constricts you. The adder bites you.
You escape the ball python's grasp.
The adder closely misses you. The adder bites you.
* * * LOW HITPOINT WARNING * * *
Found 12 stones.
The adder bites you.
You die...

.### #....# #..
....##....# ..!
....?....## .r#
#........##.#
#......#.....
#.Kg.#..#
#...SS.###
##..r.S@..#
#..######.$....
##.## .....
####<.# #(..
#....## ..
#.....#### .
...##### #


You could see 2 adders, a hobgoblin, a ball python, a kobold and a friendly rat
(summoned).

Vanquished Creatures
  3 bats (D:1)
  An endoplasm (D:1)
  2 giant cockroaches (D:1)
  2 goblins (D:1)
  A hobgoblin (D:1)
  A frilled lizard (D:1)
  2 kobolds (D:1)
  2 rats (D:1)
14 creatures vanquished.

Vanquished Creatures (collateral kills)
  A bat (D:2)
  2 endoplasms (D:1)
  A frilled lizard (D:1)
4 creatures vanquished.

Vanquished Creatures (others)
  A plant (D:1)
1 creature vanquished.

Grand Total: 19 creatures vanquished

Notes
Turn   | Place    | Note
-------+----------+-------------------------------------------
     0 | D:1      | n8rtot the Mummy Summoner began the quest for the Orb.
     0 | D:1      | Reached XP level 1. HP: 13/13 MP: 4/4
   400 | D:1      | Reached XP level 2. HP: 19/19 MP: 5/5
   751 | D:1      | Found a faded altar of an unknown god.
  1035 | D:2      | Slain by an adder

Illustrated notes

Levels and vault maps discovered:
D:1:      minmay_arrival_doors, layout_loops_cross,
          dreamdust_ecumenical_altar_hidden_monk_grotto
D:2:      layout_rooms, basic_altar, nicolae_figureground_pulse

Action                   || total
-------------------------++-------
Melee: Unarmed           ||    14
       Dagger            ||    28
       Punch             ||     1
 Cast: Summon Small Mamm ||    19
 Stab: Distracted        ||     1
       Sleeping          ||     1
Armor: Robe              ||    14
Dodge: Dodged            ||    33

Table legend: (Time is in decaauts)
 A = Elapsed time spent in this place.
 B = Non-inter-level travel time spent in this place.
 C = Inter-level travel time spent in this place.
 D = Time resting spent in this place.
 E = Time spent auto-exploring this place.
 F = Levels seen in this place.
 G = Mean time per level.
                   A        B        C        D        E       F      G
               +--------+--------+--------+--------+--------+-----+--------+
         Total |   1034 |   1034 |      0 |      0 |    707 |   2 |  517.0 |
       Dungeon |   1034 |   1034 |      0 |      0 |    707 |   2 |  517.0 |
               +--------+--------+--------+--------+--------+-----+--------+

Top non-repeatable levels by time:
     D:1: 1005 daAuts
     D:2: 28 daAuts
